Map: Gresvan LE

Players

ИИ 1 (новичок)

  • Race: Zerg Zerg
  • Spawn Location: 5:00

firefoxsray - Winner!

  • Race: Terran Terran
  • League: Diamond
  • Spawn Location: 11:00

VOD

Have the link to the VOD?

Description

Time

  • Played on: June 12, 2024, 2:36 p.m.
  • Length: 10:56
Show
View Real Time Build Order
Export as new Build Order

ИИ 1 (новичок) Zerg 

Build Orders: Hatch First 

Get SALT Encoding   

  12  0:00  Drone  
  13  0:12  Overlord  
  13  0:16  Drone  
  14  0:43  Hatchery  
  14  0:44  Drone  
  14  1:04  Spawning Pool  
  13  1:06  Extractor  
  13  1:07  Drone  
  13  1:14  Drone  
  13  1:15  Extractor  
  13  1:21  Drone  
  14  1:26  Overlord  
  14  1:53  Queen  
  16  2:02  Lair  
  16  2:14  Overlord  
  16  2:47  Drone  
  17  3:00  Drone  
  17  3:04  Spire  
  17  3:13  Drone  
  18  3:31  Drone  
  19  3:38  Drone  
  20  3:45  Drone  
  21  3:52  Drone  
  22  4:00  Drone  
  23  4:07  Drone  
  24  4:10  Pneumatized Carapace  
  24  4:17  Mutalisk  
  26  5:00  Mutalisk  
  28  5:08  Drone  
  19  5:15  Drone  
  18  5:22  Drone  
  12  5:29  Drone, Zergling x2  
  13  5:36  Drone  
  12  5:44  Drone  
  13  5:51  Drone  
  13  5:57  Mutalisk  
  13  5:58  Drone  
  16  6:05  Drone  
  17  6:13  Drone  
  18  6:20  Drone  
  19  6:26  Zergling x2  
  19  6:27  Drone  
  21  6:34  Drone  
  22  6:41  Drone  
  23  6:48  Drone  
  24  6:56  Drone  
  25  7:03  Drone  
  26  7:10  Drone  
  27  7:17  Drone  
  28  7:24  Drone  
  29  7:31  Drone  
  30  7:38  Drone  
  31  7:52  Overseer, Drone  
  31  7:53  Overseer  
  31  7:54  Mutalisk, Extractor  
  31  7:57  Extractor  
  25  7:59  Drone  
  25  8:01  Overlord x2  
  26  8:06  Drone  
  27  8:13  Drone  
  28  8:20  Drone  
  27  8:28  Drone  
  27  8:29  Overlord  
  28  8:39  Overlord  
  28  8:56  Overlord  
  28  8:57  Overlord  
  28  9:12  Overlord  
  28  9:16  Mutalisk, Drone  
  24  9:18  Queen  
  24  9:23  Drone  
  21  9:30  Overlord  
  21  9:43  Overlord  
  20  9:53  Overseer  
  20  10:01  Mutalisk  
  20  10:02  Overlord, Drone  
  20  10:04  Queen  
  20  10:06  Overseer  
  21  10:15  Drone  
Show
View Real Time Build Order
Export as new Build Order

firefoxsray Terran - Winner!

Build Orders: Liberator Opening, Reaper Expand 

Get SALT Encoding   

  12  0:00  SCV  
  13  0:12  SCV  
  14  0:17  Supply Depot  
  14  0:24  SCV  
  15  0:38  SCV  
  15  0:40  Barracks  
  16  0:43  Refinery  
  16  0:50  SCV  
  17  1:03  SCV  
  18  1:15  SCV  
  19  1:27  Orbital Command, Reaper  
  20  1:39  Command Center  
  20  1:46  Supply Depot  
  20  1:52  SCV  
  21  1:59  Marine  
  22  2:04  SCV  
  23  2:10  Factory  
  23  2:17  SCV  
  23  2:20  Barracks Reactor  
  24  2:29  SCV  
  25  2:38  Command Center  
  25  2:41  SCV  
  26  2:52  Orbital Command  
  26  2:54  SCV  
  27  3:00  Starport  
  27  3:07  SCV  
  30  3:12  Hellion  
  30  3:13  Hellion  
  30  3:18  Refinery  
  30  3:19  SCV  
  33  3:21  SCV  
  34  3:31  SCV  
  34  3:33  SCV  
  36  3:36  Hellion x2  
  40  3:43  Liberator  
  40  3:45  SCV  
  40  3:46  SCV  
  45  3:49  Barracks Tech Lab  
  45  3:50  Orbital Command  
  45  3:58  SCV x2  
  45  4:02  Hellion x2  
  51  4:10  SCV x2, Marine  
  51  4:12  Stimpack  
  51  4:13  Supply Depot  
  51  4:16  SCV  
  55  4:22  SCV x2  
  57  4:28  Starport Reactor  
  57  4:31  SCV  
  57  4:34  SCV x2  
  57  4:37  Marine, Supply Depot  
  61  4:40  Factory Reactor  
  61  4:43  SCV  
  62  4:46  SCV  
  62  4:48  Barracks  
  62  4:49  Barracks  
  62  4:50  Engineering Bay  
  62  4:51  Engineering Bay  
  63  4:55  Refinery  
  63  4:56  Refinery  
  63  5:00  Supply Depot  
  63  5:01  Supply Depot  
  63  5:20  Starport Reactor  
  63  5:28  Marine, Widow Mine x2  
  68  5:29  Terran Infantry Weapons Level 1  
  68  5:30  SCV, Terran Infantry Armor Level 1  
  68  5:31  SCV x2  
  68  5:40  Supply Depot  
  64  5:42  SCV  
  64  5:43  SCV  
  64  5:47  Orbital Command  
  64  5:55  SCV x2, Marine x3, Widow Mine x2  
  64  5:56  Combat Shield  
  67  6:05  Medivac x2  
  67  6:06  Marine x2  
  73  6:11  Supply Depot  
  73  6:12  SCV x3  
  73  6:13  Marine x3  
  73  6:16  Supply Depot  
  79  6:21  Barracks  
  79  6:22  Refinery  
  79  6:23  Widow Mine  
  79  6:24  SCV x2, Barracks, Marine x2, Refinery, Widow Mine  
  79  6:25  SCV  
  88  6:30  Marine x2  
  88  6:31  Marine  
  91  6:36  SCV x2  
  91  6:37  SCV  
  91  6:38  Supply Depot  
  94  6:40  Supply Depot  
  94  6:41  Medivac x2, Marine  
  94  6:42  Marine  
  100  6:47  Armory  
  100  6:48  SCV, Marine  
  100  6:49  SCV x2  
  100  6:52  Marine  
  100  6:53  Widow Mine  
  100  6:54  Widow Mine  
  110  6:59  Marine x2  
  110  7:00  SCV  
  110  7:01  SCV, Supply Depot  
  114  7:03  Marauder  
  114  7:06  Marine, Supply Depot  
  114  7:07  SCV  
  117  7:10  Marine  
  117  7:13  Medivac, SCV x2  
  117  7:14  Medivac, Concussive Shells  
  124  7:17  Barracks Reactor x2, Marine  
  124  7:19  Marine, Widow Mine x2  
  131  7:22  SCV  
  131  7:24  Marine x2  
  131  7:25  SCV x2  
  131  7:28  Marine  
  136  7:35  Marine  
  137  7:37  Marine  
  137  7:40  Terran Infantry Weapons Level 2, Terran Infantry Armor Level 2  
  137  7:41  Terran Vehicle And Ship Armor Level 1, Marine  
  137  7:42  Marine  
  144  7:44  Widow Mine x2  
  144  7:46  Marine  
  143  7:53  Marine  
  143  7:55  Marine  
  145  7:59  Marine x2  
  145  8:03  Marine  
  148  8:10  Marine  
  148  8:13  Marine  
  148  8:17  Supply Depot  
  149  8:21  Supply Depot  
  149  8:22  Marine x4  
  149  8:23  Marine x3, Widow Mine x2  
  149  8:25  Factory  
  160  8:28  Marine  
  160  8:31  SCV x2, Marine  
  160  8:32  SCV  
  165  8:39  Command Center  
  165  8:40  Medivac, Marine  
  165  8:41  Medivac, Supply Depot  
  170  8:43  SCV  
  170  8:44  SCV  
  172  8:50  Command Center  
  172  8:59  Marauder, Marine  
  172  9:00  Marine x6  
  172  9:02  Marine  
  181  9:03  Widow Mine x2  
  181  9:06  Supply Depot  
  181  9:08  Supply Depot  
  186  9:16  Liberator  
  189  9:18  Factory Tech Lab  
  189  9:27  Marine x3, Liberator  
  189  9:28  Marauder  
  189  9:30  Marine, Widow Mine  
  200  9:44  Barracks  
  200  9:48  Barracks  
  200  9:57  Barracks  
  200  10:04  Orbital Command  
  200  10:09  Fusion Core  
  200  10:15  Planetary Fortress  
  200  10:18  Refinery  
  200  10:39  Supply Depot  
  200  10:47  Supply Depot  
Tags
 
Add a new tag
Caveats
  • Supply blocks, unpowered buildings, or Contaminate may cause inaccurate times.
  • Supply counts are checked every 10 seconds.